woodfighter, lawful female dwarven Priestess ---------------- --- |...........f..| | -----------------.--- --....--------@.| |......................-- -----.....---- ---- -- ---^...-------.......| |............- |..|..^--- |.......| |...----..........- ------...| |.......--- |.--- --..........| ----...----........| |.| |......-- -- |(......---.|......--|.| -?.....| |.......*..---.......|.| ...).-- --.........| ---..--.|.| ...... --........--- -.--|..%| -....... ---....>...| .. --..| |........ |.............- |..| --..--.... -.....-..--....----- --- --... ..........| ... -... -..........----.. ... --....--...| --.. ...- |..---|...| -- ---- --- |..-- ---- woodfighter the Adept Experience level: 7 Strength: 17 Dexterity: 13 Constitution: 15 Intelligence: 17 Wisdom: 10 Charisma: 12 Health: 0(57) Energy: 25(43) Def: 15 Gold: 122 Moves: 8452 Dungeon seed: 3t9iJygkPPaZMM1k Game ID: woodfighter_1553689447 Your Inventory: Coins $ - 122 gold pieces Weapons a - a very rusty +2 dwarvish spear (weapon in hand) b - 3 +0 dwarvish spears (in quiver) k - a +0 silver spear (alternate weapon; not wielded) Armor e - a +0 robe (being worn) n - a +0 small shield (being worn) w - a +0 orcish helm (being worn) Comestibles l - 3 food rations v - 2 tripe rations S - a fortune cookie Z - a lizard corpse Scrolls U - a scroll of identify Rings D - a ring of shock resistance (on left hand) X - a ring of see invisible (on right hand) Wands C - a wand of sleep (0:1) R - a wand of fire (0:4) Tools s - a sack t - an oil lamp (0:484) y - a skeleton key M - a +0 pick-axe T - a brass lantern (0:1266) W - a towel Gems q - a worthless piece of black glass r - 2 worthless pieces of yellowish brown glass Spells and supernatural/magical abilities: Name Level Category Fail Memory l - light 1 divination 0% 58% p - protection 1 clerical 0% 58% E - detect food 2 divination 43% 58% W - pray for help -- divine ? -- X - turn undead -- divine ? -- Your skills at the end: Miscellaneous Skills shield [Basic] wands [Basic] Weapon Skills pick-axe [Basic] mace [Basic] spear [Skilled] Spellcasting Skills clerical spells [Basic] Final Attributes: You were piously aligned. You were shock resistant. Your writing hand was ok. You saw invisible. You were telepathic. You had infravision. You were stealthy. You were protected. You are dead. Vanquished creatures: a ghost 2 giant mimics a large cat 2 giant beetles a leprechaun a lizard 2 dogs a dingo a housecat 2 rock piercers a gnome lord 2 red naga hatchlings a black naga hatchling a guardian naga hatchling an elf zombie a ghoul 2 paper golems 2 puppies 2 floating eyes 2 kittens a homunculus 2 kobold lords a kobold shaman an iguana 4 hill orcs a rothe 2 centipedes 3 jitterbugs a monkey 2 orc zombies a werejackal 2 coyotes a gas spore 2 hobbits 2 acid blobs 5 geckos a giant rat 2 cave spiders 2 brown molds 3 yellow molds 2 green molds 7 gnomes 13 garter snakes 11 manes 4 gnome zombies 8 jackals 3 kobolds 16 newts 5 goblins 13 sewer rats 19 grid bugs 6 lichens 5 kobold zombies 180 creatures vanquished. Voluntary challenges: You did not cause conflict. You were not invisible. You did not have reflection. You had been an atheist until turn 2561. You used a wielded weapon 242 times, starting on turn 4. You did not apply a unicorn horn. You did not use plumbed fixtures. You did not drink any magical draughts. You read items or engraved 1 time, starting on turn 3791. You never genocided any monsters. You never polymorphed an object. You never changed form. You completed Sokoban on turn 5744, according to the rules. You used no wishes. You never split a pudding. You never wrote Elbereth's name. You never violated your personal moral code. Dungeon overview: The Dungeons of Doom: levels 1 to 6 Level 1 some fountains, a sink a long staircase Level 2 a fountain stairs to The Gnomish Mines Level 3 (water) some fountains Level 4 (eye) a fountain Level 5 many fountains Level 6 stairs to Sokoban The Gnomish Mines: levels 3 to 8 Level 3 stairs to The Dungeons of Doom Level 4 Level 5 Level 7 <- You were here Level 8 Sokoban: levels 2 to 5 Level 2 a magic chest Level 3 Level 4 Level 5 a magic chest stairs to The Dungeons of Doom History has recorded: On T:1 you entered the Dungeons of Doom to retrieve the Amulet of Yendor! On T:94 you reached level 2 of The Dungeons of Doom. On T:706 you reached level 1 of The Gnomish Mines. On T:888 you reached level 3 of The Dungeons of Doom. On T:1024 you advanced to experience level 2. On T:1212 you reached level 4 of The Dungeons of Doom. On T:1463 you advanced to experience level 3. On T:1627 you reached level 5 of The Dungeons of Doom. On T:1968 you advanced to experience level 4. On T:1994 you reached level 6 of The Dungeons of Doom. On T:2416 you reached level 4 of Sokoban. On T:2561 you prayed to Lugh. On T:2579 you opened a magic chest. On T:2683 you advanced to experience level 5. On T:3066 you reached level 3 of Sokoban. On T:3425 you prayed to Lugh. On T:3437 you reached level 2 of Sokoban. On T:4493 you reached level 1 of Sokoban. On T:4688 you advanced to experience level 6. On T:5744 you advanced to experience level 7. On T:5744 you entered the Sokoban zoo. On T:6399 you reached level 2 of The Gnomish Mines. On T:6837 you prayed to Lugh. On T:7253 you reached level 3 of The Gnomish Mines. On T:8287 you reached level 6 of The Gnomish Mines. On T:8297 you reached level 5 of The Gnomish Mines. On T:8409 you prayed to Lugh. Score breakdown: Gold: 122 ( 12 points) Experience: 7 levels ( 600 points) Exploration: 8 levels ( 210 points) Discoveries: 20 items ( 1000 points) Variety of kills: 53 monsters ( 2000 points) Major goal: finished Sokoban ( 1000 points) Survival: died (score multiplied by 3) Total score: 14466 Latest messages: The lynx bites! The lynx claws you! (2x) The lynx bites! You jab the lynx. The lynx claws you! (2x) The lynx bites! You hear a distant squeak. The lynx claws you! (2x) The lynx bites! The sleep ray hits the lynx. The air around you begins to shimmer with a golden haze. The golden haze around you becomes more dense. (6x) Your skin feels warm for a moment. The golden haze around you becomes less dense. You stop searching. You jab the lynx! The lynx claws you! The lynx misses. (2x) You jab the lynx. The lynx misses. (2x) The lynx bites! You die... The sack is empty. The sack is empty. Final status: Goodbye woodfighter the Priestess, killed by a lynx... You died in The Gnomish Mines on dungeon level 7 with 14466 points, and 122 pieces of gold, after 8452 moves. You were level 7 with a maximum of 57 hit points when you died.